 Dungeon Crawl Stone Soup version 0.18.1-2-ga659475 (webtiles) character file.

58 manyhoops the Chopper (level 3, -4/28 HPs)
             Began as a Demonspawn Gladiator on May 8, 2016.
             Killed from afar by Natasha (8 damage)
             ... with a magic dart
             ... on level 3 of the Dungeon.
             The game lasted 00:01:43 (1512 turns).

manyhoops the Chopper (Demonspawn Gladiator)        Turns: 1512, Time: 00:01:44

Health: -4/28      AC:  6    Str: 16    XL:     3   Next: 76%
Magic:  3/3        EV: 11    Int:  9    God:
Gold:   109        SH:  0    Dex: 13    Spells: 0 memorised, 2 levels left

rFire  . . .     SeeInvis .     a - +0 war axe
rCold  . . .     Gourm    .     e - +0 ring mail
rNeg   . . .     Faith    .     (no shield)
rPois  .         Spirit   .     c - +0 helmet
rElec  .         Dismiss  .     (no cloak)
rCorr  .         Reflect  .     (no gloves)
SustAt .         Harm     .     (no boots)
MR     .....                    (no amulet)
Stlth  ..........               (no ring)
                                (no ring)

@: not resistant to hostile enchantments, extremely unstealthy
A: hooves 1
a: no special abilities


You were on level 3 of the Dungeon.
You were not hungry.

You visited 1 branch of the dungeon, and saw 3 of its levels.

You collected 109 gold pieces.

Inventory:

Hand Weapons
 a - a +0 war axe (weapon)
Missiles
 d - 3 throwing nets (quivered)
Armour
 b - a +0 leather armour
 c - a +0 helmet (worn)
 e - a +0 ring mail (worn)
Scrolls
 k - a scroll of random uselessness {unknown}
 o - a scroll of teleportation {unknown}
 p - a scroll of enchant armour {unknown}
 r - 2 scrolls of identify {unknown}
Potions
 h - a potion of heal wounds {unknown}
 j - 3 potions of might {unknown}
 l - a potion of degeneration {unknown}
 m - 2 potions of curing {unknown}
 n - a potion of flight {unknown}
 q - a potion of brilliance {unknown}
Comestibles
 f - 4 bread rations


   Skills:
 + Level 2.4 Fighting
 + Level 3.8 Axes
 - Level 1.7 Throwing
 + Level 1.0 Armour
 - Level 2.6 Dodging


You had 2 spell levels left.
You didn't know any spells.

Dungeon Overview and Level Annotations

Branches:
Dungeon (3/15)

Altars:
Makhleb
Pakellas
Sif Muna
Xom

Annotations:
D:3 Natasha


Innate Abilities, Weirdness & Mutations

You have large cloven feet.


Message History

No target in view!
No target in view!
No target in view!
No target in view!
No target in view!
Natasha, Servant of Life and Death comes into view.
Natasha hisses angrily.
Natasha is nearby!
Natasha is nearby!
Natasha is nearby!
You completely miss Natasha. Your kick misses Natasha.
Natasha casts a spell at you. The magic dart hits you!
You barely miss Natasha. Natasha claws you.
A rat comes into view.
You hit Natasha but do no damage. Natasha claws you.
* * * LOW HITPOINT WARNING * * *
Natasha casts a spell at you. The magic dart hits you!
You die...

#.....†....####.,,*
.................##
#.###.........,...#
.........#....,...*
......)..#..#.##..*
..##.....#†#,*...#*
.**#.....#.####..##
,* #........#.##h.#
** #....##)#.##.@$#
,* #######........#
** #.##......# *
#.*#......# *
#.*##.##..# *
#.*,#.##..# *
#.*,r.##..# *
***#.,.......# *
*,,..,....,,##


You could see Natasha and a rat.

Vanquished Creatures
  3 worms
  2 dart slugs (D:1)
  2 giant geckos (D:2)
  An orc (D:3)
  2 giant cockroaches
  5 goblins
  5 hobgoblins
  5 kobolds
  3 quokkas
  4 bats
  3 giant newts
  8 rats
43 creatures vanquished.

Notes
Turn   | Place    | Note
--------------------------------------------------------------
     0 | D:1      | manyhoops the Demonspawn Gladiator began the quest for the Orb.
     0 | D:1      | Reached XP level 1. HP: 16/16 MP: 1/1
    42 | D:1      | Reached skill level 3 in Axes
   167 | D:1      | Gained mutation: You have large cloven feet. [demonic ancestry]
   167 | D:1      | Reached XP level 2. HP: 20/22 MP: 2/2
   882 | D:2      | Found a shimmering altar of Xom.
   931 | D:2      | Reached XP level 3. HP: 22/27 MP: 3/3
  1344 | D:3      | Reached skill level 1 in Armour
  1468 | D:3      | Found a deep blue altar of Sif Muna.
  1468 | D:3      | Found an oddly glowing altar of Pakellas.
  1468 | D:3      | Found a burning altar of Makhleb.
  1509 | D:3      | Noticed Natasha
  1512 | D:3      | Killed from afar by Natasha

Skill      XL: |  1  2  3 |
---------------+----------+-----
Axes           | 3 |  3.8
Armour         | 1 |  1.0
Fighting       | |  2.4
Throwing       | |  1.7
Dodging        | |  2.6

Action                   || total
-------------------------++-------
Melee: War axe           ||   122
       Kick              ||    10
  Use: Scroll            ||     2
  Eat: Chunk             ||     2
Armor: Ring mail         ||    54
       Leather armour    ||     1
Dodge: Dodged            ||    68
